 Dungeon Crawl Stone Soup version 0.19-a0-965-g50bf062 (webtiles) character file.

2412 rageheart7 the Basher (level 9, -2/101 HPs)
             Began as an Ogre Monk on July 13, 2016.
             Was an Elder of Okawaru.
             Slain by a killer bee (5 damage)
             ... on level 9 of the Dungeon.
             The game lasted 00:20:29 (8103 turns).

rageheart7 the Basher (Ogre Monk)                   Turns: 8103, Time: 00:20:30

Health: -2/101     AC:  7    Str: 20    XL:     9   Next: 47%
Magic:  12/12      EV: 10    Int:  9    God:    Okawaru [****..]
Gold:   467        SH:  0    Dex: 13    Spells: 0 memorised, 8 levels left

rFire  . . .     SeeInvis .     x - +2 lajatang (pain)
rCold  . . .     Gourm    .     k - +1 robe
rNeg   . . .     Faith    .     (shield currently unavailable)
rPois  .         Spirit   .     (helmet restricted)
rElec  .         Dismiss  .     i - +2 cloak
rCorr  .         Reflect  .     (gloves unavailable)
SustAt .         Harm     .     (boots unavailable)
MR     .....                    (no amulet)
Stlth  +.........               (no ring)
                                C - ring of flight

@: confused, lethally poisoned (-2 -> -40), not resistant to hostile
enchantments, very unstealthy
A: unfitting armour, tough skin 1
a: Heroism, Renounce Religion, Evoke Flight


You were on level 9 of the Dungeon.
You worshipped Okawaru.
Okawaru was greatly pleased with you.
You were very hungry.

You visited 2 branches of the dungeon, and saw 10 of its levels.

You collected 467 gold pieces.

Inventory:

Hand Weapons
 w - the +1 rapier of Causality {flame, *Corrode Dex+8 SInv}
   (You found it on level 5 of the Dungeon)

   It has been specially enchanted to burn those struck by it, causing extra
   injury to most foes and up to half again as much damage against particularly
   susceptible opponents.
   It affects your dexterity (+8).
   It lets you see invisible.
   It may corrode you when you take damage.
 x - a +2 lajatang of pain (weapon)
Missiles
 m - 4 large rocks (quivered)
 o - 3 throwing nets
 t - 5 steel tomahawks
Armour
 i - a +2 cloak (worn)
 k - a +1 robe (worn)
 E - the +0 ring mail of Egalitarianism {*Confuse +Fly rN+++ MR+, unknown}
   (You found it on level 8 of the Dungeon)

   It renders you almost immune to negative energy.
   It affects your resistance to hostile enchantments.
   It lets you fly.
   It may confuse you when you take damage.
Jewellery
 C - a ring of flight (left hand)
Wands
 b - a wand of polymorph (13/24)
 j - a wand of flame (13/48)
 v - a wand of confusion (15/48)
 y - a wand of paralysis (18/24)
Scrolls
 a - a scroll of fog
 d - a scroll of identify
 e - 7 scrolls of amnesia
 f - 4 scrolls of remove curse
 h - 3 scrolls of enchant armour
 n - a scroll of magic mapping
Potions
 g - a potion of cancellation
 s - a potion of brilliance
 F - 2 potions of mutation {unknown}
Books
 r - a Grand Grimoire

   Spells                             Type                      Level
   a - Monstrous Menagerie            Summoning                    7
   b - Summon Greater Demon           Summoning                    7
   c - Malign Gateway                 Summoning/Translocation      7
   d - Summon Horrible Things         Summoning                    8
 z - a book of Party Tricks

   Spells                             Type                      Level
   a - Summon Butterflies             Summoning                    1
   b - Apportation                    Translocation                1
   c - Tukima's Dance                 Hexes                        3
   d - Alistair's Intoxication        Transmutation/Poison         5
   e - Invisibility                   Hexes                        6
Comestibles
 c - 3 bread rations
 l - 5 meat rations
 p - a royal jelly
 u - 4 fruits


   Skills:
 + Level 9.9 Fighting
   Level 12.3(12.4) Maces & Flails
 + Level 1.4(5.7) Staves
 + Level 1.1 Throwing
 - Level 2.6 Dodging
 - Level 1.5 Stealth
 * Level 4.0 Invocations
 - Level 0.2 Evocations


You had 8 spell levels left.
You didn't know any spells.

Dungeon Overview and Level Annotations

Branches:
Dungeon (9/15)             Temple (1/1) D:5
   Lair: D:8-11         Orc: D:9-12

Altars:
Ashenzari
Dithmenos
Elyvilon
Fedhas
Hepliaklqana
Kikubaaqudgha
Makhleb
Nemelex Xobeh
Okawaru
Pakellas
Qazlal
Ru
Sif Muna
Trog
Vehumet
Xom
Yredelemnul
Zin
The Shining One

Shops:
D:7 :


Innate Abilities, Weirdness & Mutations

You are too large for most types of armour.
You have tough skin. (AC +1)


Message History

* * * LOW HITPOINT WARNING * * *
You feel very sick. The killer bee stings you.
* * * LOW HITPOINT WARNING * * *
The killer bee barely misses you.
The killer bee stings you but does no damage.
The killer bee barely misses you. The killer bee stings you.
* * * LOW HITPOINT WARNING * * *
You are more poisoned.
The killer bee poisons you! The killer bee stings you.
* * * LOW HITPOINT WARNING * * *
The killer bee stings you but does no damage.
The killer bee barely misses you.
You completely miss the killer bee.
* * * LOW HITPOINT WARNING * * *
You feel very sick. The killer bee closely misses you.
The killer bee stings you but does no damage.
The killer bee barely misses you. x3; The killer bee stings you.
You die...

#####+##
#.yy@..#
#..yyy.#
+......#
#......#
#......#
#......#
########


You could see 5 killer bees.

Vanquished Creatures
  A two-headed ogre (D:8)
  Sigmund (D:6)
  Eustachio (D:5)
  A hippogriff (D:8)
  An orc warrior (D:7)
  A sky beast (D:8)
  An ogre (D:7)
  2 centaurs
  A crocodile (D:6)
  A big kobold (D:7)
  3 giant frogs
  3 scorpions
  A killer bee (D:9)
  A jelly (D:8)
  A crimson imp (D:7)
  2 hounds
  2 orc priests
  7 orc wizards
  Natasha (thrice) (D:4)
  4 worker ants
  A worker ant zombie (D:6)
  4 gnolls (D:3)
  A howler monkey skeleton (D:4)
  4 adders
  2 oozes
  An adder skeleton (D:6)
  2 worms
  4 dart slugs
  5 giant geckos
  25 orcs
  2 ball pythons
  13 bats
  4 giant cockroaches
  12 goblins
  7 hobgoblins
  2 jackals (D:8)
  7 kobolds
  3 quokkas
  A giant gecko zombie (D:6)
  2 giant newts
  2 quokka zombies (D:6)
  11 rats
153 creatures vanquished.

Vanquished Creatures (others)
  A worker ant (D:5)
1 creature vanquished.

Grand Total: 154 creatures vanquished

Notes
Turn   | Place    | Note
-------+----------+-------------------------------------------
     0 | D:1      | rageheart7 the Ogre Monk began the quest for the Orb.
     0 | D:1      | Reached XP level 1. HP: 24/24 MP: 1/1
    50 | D:1      | Reached XP level 2. HP: 29/32 MP: 2/2
   437 | D:1      | Reached skill level 5 in Maces & Flails
   466 | D:1      | Reached XP level 3. HP: 34/40 MP: 3/3
  1509 | D:2      | Reached XP level 4. HP: 49/49 MP: 4/4
  1820 | D:3      | Reached skill level 6 in Maces & Flails
  1930 | D:3      | Reached skill level 5 in Fighting
  1931 | D:3      | Reached XP level 5. HP: 44/57 MP: 5/5
  2128 | D:3      | Reached skill level 7 in Maces & Flails
  2307 | D:3      | Found a deep blue altar of Sif Muna.
  2821 | D:4      | Found a bloodstained altar of Trog.
  2847 | D:4      | Found a sacrificial altar of Ru.
  2956 | D:4      | Noticed Natasha
  2971 | D:4      | Killed Natasha
  3213 | D:4      | Noticed Natasha
  3232 | D:4      | Killed Natasha
  3232 | D:4      | Reached XP level 6. HP: 47/66 MP: 6/6
  3292 | D:4      | Noticed Natasha
  3315 | D:4      | Killed Natasha
  3315 | D:4      | Reached skill level 8 in Maces & Flails
  3525 | D:5      | Entered Level 5 of the Dungeon
  3665 | D:5      | You fall through a shaft!
  3665 | D:6      | Found a basalt altar of Yredelemnul.
  3742 | D:5      | Found a staircase to the Ecumenical Temple.
  3745 | D:5      | Got a jewelled rapier
  3906 | Temple   | Entered the Ecumenical Temple
  4009 | Temple   | Became a worshipper of Warmaster Okawaru
  4009 | Temple   | Reached * piety under Okawaru
  4009 | Temple   | Reached ** piety under Okawaru
  4070 | D:5      | Noticed Eustachio
  4140 | D:5      | Killed Eustachio
  4140 | D:5      | Reached skill level 9 in Maces & Flails
  4140 | D:5      | Reached XP level 7. HP: 44/75 MP: 7/7
  4366 | D:5      | Identified the +1 rapier of Causality {flame, *Corrode Dex+8 SInv} (You found it on level 5 of the Dungeon)
  4611 | D:6      | Noticed Sigmund
  4633 | D:6      | Killed Sigmund
  4633 | D:6      | Reached skill level 10 in Maces & Flails
  4989 | D:6      | Reached XP level 8. HP: 76/84 MP: 8/8
  5039 | D:6      | Reached *** piety under Okawaru
  5081 | D:6      | Reached skill level 11 in Maces & Flails
  5677 | D:7      | Found Sugyikh's Book Emporium.
  5696 | D:7      | Reached skill level 1 in Invocations
  6369 | D:7      | Reached skill level 12 in Maces & Flails
  6412 | D:7      | Found an oddly glowing altar of Pakellas.
  6679 | D:8      | Reached XP level 9. HP: 39/96 MP: 10/10
  7015 | D:8      | Identified a scroll of acquirement
  7077 | D:8      | Noticed a two-headed ogre
  7098 | D:8      | Killed a two-headed ogre
  7098 | D:8      | Reached **** piety under Okawaru
  7098 | D:8      | Reached skill level 1 in Throwing
  7272 | D:8      | Got a twisted ring mail
  7566 | D:7      | Reached skill level 1 in Staves
  8102 | D:9      | HP: 1/101 [killer bee (6)]
  8103 | D:9      | Slain by a killer bee

Vault maps used:
D:1:      minmay_arrival_plants_in_alcoves
D:2:      first_bread
D:3:      led_sif_pool
D:4:      kennysheep_mini_moat, trog_book, uniq_natasha
D:5:      lemuel_flamethrower_2, uniq_eustachio
D:6:      yredelemnul_altar_generic, minmay_misc_feat_hallway, uniq_sigmund
D:7:      kennysheep_little_box, serial_shops, nicolae_shop_window_shopping
D:9:      eat_drink_and_be_merry_uskayaw, gammafunk_temple_overflow_elements,
          lair_0_dummy
Temple:   eino_temple_rhombus

Skill      XL: |  1  2  3  4  5  6  7  8  9 |
---------------+----------------------------+-----
Maces & Flails | 5 6 7 9 10 12 | 12.3
Fighting       | 5 6 8 9 |  9.9
Invocations    | 2 4 |  4.0
Throwing       | 1 |  1.1
Staves         | 1 |  1.4
Dodging        | |  2.6
Stealth        | |  1.5
Evocations     | |  0.2

Action                   |  1- 3 |  4- 6 |  7- 9 || total
-------------------------+-------+-------+-------++-------
Melee: Mace              |   139 |    48 |       ||   187
       Whip              |       |   244 |   272 ||   516
       Lajatang          |       |       |    59 ||    59
Throw: Large rock        |       |     4 |       ||     4
Invok: Heroism           |       |       |     4 ||     4
Evoke: Wand              |       |       |     6 ||     6
  Use: Potion            |     1 |     2 |    11 ||    14
       Scroll            |     3 |     8 |     9 ||    20
 Stab: Invisible         |     3 |       |       ||     3
       Sleeping          |     4 |     4 |       ||     8
  Eat: Chunk             |     2 |     9 |    12 ||    23
Armor: Robe              |    85 |    55 |    87 ||   227
       Skin              |       |    30 |       ||    30
Dodge: Dodged            |   110 |    89 |   168 ||   367
